 Dungeon Crawl Stone Soup version 0.31-a0-164-g2312942fda (webtiles) character file.

Game seed: 17961525405730268681

499 qw the Shooter (level 7, -2/43 HPs)
             Began as a Gargoyle Hunter on June 13, 2023.
             Killed by divine providence
             ... invoked by an orc priest
              (16 damage)
             ... on level 5 of the Dungeon.
             The game lasted 00:01:38 (3034 turns).

qw the Shooter (Gargoyle Hunter)                    Turns: 3034, Time: 00:01:38

Health: -2/43      AC: 12    Str: 14    XL:     7   Next: 16%
Magic:  7/7        EV: 12    Int: 10    God:
Gold:   198        SH:  0    Dex: 15    Spells: 6/6 levels left

rFire   . . .        Y - +0 shortbow
rCold   + . .        (shield currently unavailable)
rNeg    + . .        b - +1 leather armour {rC+}
rPois   inf          (no helmet)
rElec   +            (no cloak)
rCorr   .            (no gloves)
SInv    .            (no boots)
Will    .....        f - amulet "Poacueff" {Faith Stlth+}
Stlth   +++          k - +4 ring of protection
HPRegen 0.27/turn    (no ring)
MPRegen 0.10/turn

%: faith
@: no status effects
A: sickness immunity, AC +4, negative energy resistance 1, electricity
resistance, torment resistance 1, petrification resistance
a: no special abilities


You were on level 5 of the Dungeon.
You visited 2 branches of the dungeon, and saw 6 of its levels.

You collected 198 gold pieces.


Innate Abilities, Weirdness & Mutations

You are immune to sickness and miasma.
Your stone body is resilient. (AC +4)
You are immune to poison.
You resist negative energy. (rN+)
You are resistant to electric shocks. (rElec)
You are resistant to unholy torment.
You are immune to petrification.


   Skills:
 - Level 4.1 Fighting
 + Level 7.3 Ranged Weapons
 - Level 2.4 Dodging
 - Level 1.1 Stealth


You had 6 spell levels left.
You didn't know any spells.
Your spell library was empty.

Inventory:

Hand Weapons
 Y - a +0 shortbow (weapon)
Armour
 b - a +1 leather armour of cold resistance (worn)
 c - a +1 leather armour of fire resistance
Jewellery
 f - the amulet "Poacueff" (around neck) {Faith Stlth+}
   (You acquired it on level 2 of the Dungeon)

   [amulet of faith]

   It allows you to gain divine favour quickly.
   Stlth:     It makes you more stealthy.
 i - an amulet of regeneration
 k - a +4 ring of protection (left hand)
Scrolls
 a - 3 scrolls of identify
 j - 4 scrolls of teleportation
Potions
 d - 2 potions of might
 g - 2 potions of heal wounds
 h - 2 potions of haste

Dungeon Overview and Level Annotations

Branches:
Dungeon (5/15)             Temple (1/1) D:4

Altars:
Ashenzari
Cheibriados
Dithmenos
Elyvilon
Fedhas
Gozag
Hepliaklqana
Kikubaaqudgha
Makhleb
Qazlal
Ru
Sif Muna
Trog
Uskayaw
Vehumet
Wu Jian
Yredelemnul
Zin
The Shining One


Message History

The orc priest calls down the wrath of Beogh upon you.
Beogh smites you!
The orc wizard hits you but does no damage.
You feel less confused.
The orc wizard hits you with a +0 dagger.
You shoot an arrow. The arrow barely misses the orc wizard.
The arrow closely misses the orc.
The orc wizard misses you.
You shoot an arrow.
The arrow closely misses the orc wizard.
The arrow hits the orc.
The orc is heavily wounded.
The orc wizard hits you but does no damage.
You shoot an arrow. The arrow hits the orc wizard!
The orc wizard is heavily wounded.
The orc wizard hits you but does no damage.
You shoot an arrow. The arrow barely misses the orc wizard.
The arrow hits the orc!
You kill the orc!
The orc wizard hits you with a +0 dagger.
You shoot an arrow. The arrow hits the orc wizard.
The orc wizard is severely wounded.
The orc wizard hits you but does no damage.
You shoot an arrow. The arrow barely misses the orc wizard.
The arrow closely misses the orc priest.
The orc wizard hits you but does no damage.
You shoot an arrow.
The arrow hits the orc wizard but does no damage.
The orc wizard is severely wounded.
The orc wizard hits you but does no damage.
You shoot an arrow. The arrow hits the orc wizard.
The orc wizard is almost dead.
The orc wizard hits you with a +0 dagger.
The orc wizard points at you and mumbles some strange words.
The puff of flame hits you.
You shoot an arrow. The arrow hits the orc wizard!
You kill the orc wizard!
The orc priest calls down the wrath of Beogh upon you.
Beogh smites you!
You die...

. .. ... .oo.
.....##########
#....##....#
#.##(...# ##
#@##....##..
#)##.......#
#o..........
####....####
#....# #....#
#.<..# #.####
#.### .


You could see an orc priest.

Vanquished Creatures
  A phantom (D:4)
  A vampire bat (D:3)
  2 hounds
  2 orc wizards
  4 gnolls (D:4)
  6 adders
  An ufetubus (D:4)
  A dart slug (D:4)
  3 fire bats (D:3)
  22 orcs
  2 spectral bats (D:3)
  3 bat skeletons (D:3)
  A bat zombie (D:3)
  5 endoplasms
  2 giant cockroaches
  5 goblins
  7 hobgoblins
  3 jackals (D:4)
  5 kobolds
  3 quokkas
  8 ball pythons
  17 bats
  A bat simulacrum (D:3)
  2 frilled lizards
  3 rats
110 creatures vanquished.

Notes
Turn   | Place    | Note
-------+----------+-------------------------------------------
     0 | D:1      | qw the Gargoyle Hunter began the quest for the Orb.
     0 | D:1      | Reached XP level 1. HP: 12/12 MP: 1/1
     0 | D:1      | 0 ||| qw: Version: 0.2-a-29-gc1b59c4
     0 | D:1      | 0 ||| qw: Game counter: 4542
     0 | D:1      | 0 ||| qw: Always use a shield: true
     0 | D:1      | 0 ||| qw: God list: Okawaru
     0 | D:1      | 0 ||| qw: Allow faded altars: false
     0 | D:1      | 0 ||| qw: Do Orc after D:15 true
     0 | D:1      | 0 ||| qw: Do second Lair branch before Depths: true
     0 | D:1      | 0 ||| qw: Lair rune preference: random
     0 | D:1      | 0 ||| qw: Plans: Normal, Zot:1-4, Slime:5, God:TSO, Crypt,
                  | Tomb, Abyss, Pan, Hells, Win
     0 | D:1      | 0 ||| PLANNING D:1-11
   137 | D:1      | Reached XP level 2. HP: 17/17 MP: 2/2
   437 | D:1      | 437 ||| DROPPING ring of wizardry.
   438 | D:1      | 438 ||| READING 2 scrolls labelled NENOEMU FUHIUV.
   439 | D:1      | 439 ||| READING scroll labelled BEICECH TENKOA.
   440 | D:1      | 440 ||| READING scroll labelled BEKEIRR TAWNA.
   441 | D:1      | 441 ||| DROPPING scroll of butterflies.
   454 | D:2      | Reached skill level 5 in Ranged Weapons
   454 | D:2      | Reached XP level 3. HP: 21/21 MP: 3/3
   507 | D:2      | Reached skill level 3 in Fighting
   518 | D:2      | Found a glowing silver altar of Zin.
   669 | D:2      | Reached XP level 4. HP: 28/28 MP: 4/4
   944 | D:2      | 944 ||| UPGRADING to +4 ring of protection.
   945 | D:2      | 945 ||| READING scroll labelled ATHOGEORAMM.
   945 | D:2      | Identified a scroll of acquirement
   945 | D:2      | 945 ||| ACQUIRING amulet "Poacueff" {Faith Stlth+}
   945 | D:2      | Acquired the amulet "Poacueff" {Faith Stlth+}
   947 | D:2      | 947 ||| UPGRADING to amulet "Poacueff" {Faith Stlth+}.
   952 | D:2      | 952 ||| READING 3 scrolls labelled GOFRAQUIFO.
   953 | D:2      | 953 ||| READING scroll labelled YLAICA KILEA.
   958 | D:2      | 958 ||| DRINKING 2 fuming red potions.
   959 | D:2      | 959 ||| DRINKING 2 fuming dark potions.
   960 | D:2      | 960 ||| READING 3 scrolls of identify.
   960 | D:2      | 960 ||| IDENTIFYING lumpy coppery potion
   961 | D:2      | 961 ||| READING 2 scrolls of identify.
   961 | D:2      | 961 ||| IDENTIFYING sapphire potion
   962 | D:2      | 962 ||| DROPPING potion of enlightenment.
   963 | D:2      | 963 ||| DROPPING 2 scrolls of fog.
  1020 | D:3      | Reached XP level 5. HP: 31/32 MP: 5/5
  1024 | D:3      | Reached skill level 6 in Ranged Weapons
  1208 | D:3      | Reached XP level 6. HP: 38/38 MP: 6/6
  1272 | D:3      | 1272 ||| DRINKING potion of curing.
  1272 | D:3      | 1272 ||| (to cure confusion)
  1632 | D:3      | 1632 ||| UPGRADING to +1 leather armour of cold resistance.
  1642 | D:3      | 1642 ||| DROPPING +0 leather armour.
  1643 | D:3      | 1643 ||| READING 3 scrolls of identify.
  1643 | D:3      | 1643 ||| IDENTIFYING inky potion
  1790 | D:4      | Reached skill level 7 in Ranged Weapons
  1869 | D:4      | Reached XP level 7. HP: 37/43 MP: 7/7
  2136 | D:4      | Found a staircase to the Ecumenical Temple.
  2137 | D:4      | 2137 ||| PLANNING TEMPLE
  2145 | Temple   | Entered the Ecumenical Temple
  2145 | Temple   | Found a transporter.
  2145 | Temple   | Found a transporter.
  2147 | Temple   | Found a transporter.
  2147 | Temple   | Found a transporter.
  2157 | Temple   | 2157 ||| PLANNING D:1-11
  2207 | D:4      | Found a sacrificial altar of Ru.
  2322 | D:4      | Found an opulent altar of Gozag.
  2942 | D:4      | 2942 ||| DROPPING amulet of the acrobat.
  2956 | D:5      | Entered Level 5 of the Dungeon
  3011 | D:5      | 3011 ||| Stepping ~*~*~tactically~*~*~ (outnumbered).
  3034 | D:5      | Killed from afar by an orc priest

Levels and vault maps discovered:
D:1:      evilmike_arrival_hilbert_curve, layout_basic
D:2:      layout_basic, basic_altar, serial_bayou_ford_a,
          small_statue_intersection
D:3:      layout_rooms, minmay_misc_feat_pillars, goddamned_bats
D:4:      layout_layer_cave, mainiacjoe_overflow_big_doors,
          minmay_temple_entry_mini_moons, minmay_stone_trees_small,
          grunt_decor_mini_mirrors, nicolae_underground_beach
D:5:      layout_rooms
Temple:   hellmonk_temple_divided_pantheon

Skill      XL: |  1  2  3  4  5  6 |
---------------+-------------------+-----
Ranged Weapons | 5 6 7 |  7.3
Fighting       | 3 4 |  4.1
Dodging        | 2 |  2.4
Stealth        | |  1.1

Action                     |  1- 3 |  4- 6 |  7- 9 || total
---------------------------+-------+-------+-------++-------
   Fire: Shortbow          |    72 |   237 |    74 ||   383
    Use: Scroll            |     3 |     6 |       ||     9
         Potion            |       |     3 |       ||     3
 Armour: Leather armour    |     9 |   204 |    25 ||   238
  Dodge: Dodged            |    11 |   216 |    17 ||   244

Table legend:
 A = Non-vault XP
 B = Vault XP
 C = Vault XP percentage of total XP
 D = Non-vault monster count
 E = Vault monster count
 F = Vault count percentage of total count
                 A         B        C        D         E       F
            +---------+---------+-------+---------+---------+-------
      Total |     563 |     187 |  24.9 |      90 |      20 |  18.2
            +---------+---------+-------+---------+---------+-------
        D:1 |      30 |       0 |   0.0 |      18 |       0 |   0.0
        D:2 |      70 |       0 |   0.0 |      17 |       0 |   0.0
        D:3 |     152 |     187 |  55.2 |      29 |      20 |  40.8
        D:4 |     255 |       0 |   0.0 |      22 |       0 |   0.0
        D:5 |      56 |       0 |   0.0 |       4 |       0 |   0.0
            +---------+---------+-------+---------+---------+-------
